 Dungeon Crawl Stone Soup version 0.29-a0-25-g7f48f510a0 (webtiles) character file.

Game seed: 12169334324447774216

11758 HallandMoats the Royal Jelly (level 11, -28/80 HPs)
             Began as an Octopode Monk on Jan 31, 2022.
             Was the Champion of Jiyva.
             Killed from afar by Azrael (34 damage)
             ... with a fireball
             ... on level 12 of the Dungeon.
             The game lasted 00:15:23 (8462 turns).

HallandMoats the Royal Jelly (Octopode Monk)        Turns: 8462, Time: 00:15:24

Health: -28/80     AC: 15    Str: 10 (11) XL:     11   Next: 82%
Magic:  20/20      EV: 24    Int: 14 (17) God:    Jiyva [******]
Gold:   248        SH:  0    Dex: 19 (20) Spells: 10/10 levels left

rFire   . . .      SeeInvis +   b - +8 spear of Dust {drain, rN+ Will- Dex+2 SInv}
rCold   + . .      Faith    .   (no shield)
rNeg    + . .      Spirit   .   (helmet restricted)
rPois   .          Reflect  .   (no amulet)
rElec   .          Harm     .   q - +4 ring of evasion
rCorr   +          Rampage  .   w - +4 ring of protection
Will    .....                   (no ring)
Stlth   +++.......              (no ring)
HPRegen 1.83/turn               (no ring)
MPRegen 0.67/turn               (no ring)
                                (no ring)
                                (no ring)

@: attractive
A: almost no armour, amphibious, 8 rings, camouflage 1, gelatinous body 2,
(nimble swimmer 1), tentacles, iridescent scales 3, clever 2, shaggy fur 3,
pseudopods 1, jelly sensing items, engulf
a: Renounce Religion, Oozemancy, Slimify


You were on level 12 of the Dungeon.
You worshipped Jiyva.
Jiyva was exalted by your worship.
You visited 1 branch of the dungeon, and saw 13 of its levels.
You also visited: Sewer and Ossuary.

You collected 344 gold pieces.
You spent 96 gold pieces at shops.

Inventory:

Hand Weapons
 a - a +2 trident of venom
 b - the +8 spear of Dust (weapon) {drain, rN+ Will- Dex+2 SInv}
   (You found it on level 8 of the Dungeon)

   A truly terrible weapon, it drains the life of any living foe it strikes.
   Dex:       It affects your dexterity (+2).
   rN:        It protects you from negative energy.
   SInv:      It lets you see invisible.
   Will:      It decreases your willpower.
 e - the +4 dagger of the Sun {vorpal, Str+5}
   (You found it on level 4 of the Dungeon)

   It inflicts extra damage upon your enemies.
   Str:       It affects your strength (+5).
Jewellery
 q - a +4 ring of evasion (left tentacle)
 w - a +4 ring of protection (right tentacle)
Wands
 g - a wand of acid (9)
 r - a wand of flame (30)
Scrolls
 c - 3 scrolls of amnesia
 d - 3 scrolls of teleportation
 k - a scroll of fog
 p - a scroll of magic mapping
 s - a scroll of fear {unknown}
 v - a scroll of holy word {unknown}
Potions
 f - a potion of magic
 h - 3 potions of resistance
 j - 2 potions of degeneration
 l - a potion of brilliance
 m - 3 potions of curing
 n - 2 potions of invisibility
 o - a potion of heal wounds {unknown}
 t - a potion of berserk rage {unknown}
 u - a potion of might {unknown}


   Skills:
 + Level 9.0 Fighting
 + Level 8.9 Polearms
 + Level 8.9 Dodging
 - Level 2.6 Stealth
 * Level 12.7 Invocations


You had 10 spell levels left.
You didn't know any spells.
Your spell library contained the following spells:

 Spells                   Type           Power      Damage    Failure   Level
 Beastly Appendage        Tmut           0%         N/A       28%         1
 Freeze                   Ice            0%         1d3       28%         1
 Magic Dart               Conj           0%         1d3       28%         1
 Pain                     Necr           0%         1d4       28%         1
 Shock                    Conj/Air       0%         1d3       28%         1
 Call Imp                 Summ           0%         N/A       41%         2
 Call Canine Familiar     Summ           0%         N/A       65%         3
 Conjure Flame            Conj/Fire      0%         6-21      65%         3
 Frozen Ramparts          Ice            0%         1d2       65%         3
 Ignite Poison            Fire/Tmut/Pois 0%         N/A       65%         3
 Mephitic Cloud           Conj/Pois/Air  0%         N/A       65%         3
 Ozocubu's Armour         Ice            0%         N/A       65%         3
 Portal Projectile        Hex/Tloc       0%         N/A       65%         3
 Hailstorm                Conj/Ice       0%         3d3       96%         4
 Leda's Liquefaction      Hex/Erth       0%         N/A       96%         4
 Petrify                  Tmut/Erth      0%         N/A       96%         4
 Sticky Flame             Conj/Fire      0%         2d3       96%         4
 Freezing Cloud           Conj/Ice/Air   0%         6-21      100%        5
 Metabolic Englaciation   Hex/Ice        0%         N/A       100%        5
 Statue Form              Tmut/Erth      0%         N/A       100%        6
 Ozocubu's Refrigeration  Ice            0%         4d5       100%        7


Dungeon Overview and Level Annotations

Branches:
Dungeon (13/15)            Temple (0/1) D:6            Lair (0/6) D:8
  Sewer (visited)         Ossuary (visited)
    Orc: D:9-12      Vaults: D:13-14

Altars:
Kikubaaqudgha
Makhleb
Nemelex Xobeh
Qazlal
Ru
Sif Muna
Jiyva

Shops:
D:1 :   D:6 (   D:7 !

Annotations:
D:11 2 transporters, noodleboyJ's ghost, journeyman DrMo
D:12 Azrael


Innate Abilities, Weirdness & Mutations

You cannot wear most types of armour.
You are amphibious.
You can wear up to eight rings at the same time.
Your skin changes colour to match your surroundings (Stealth+).
Your pliable body absorbs attacks. (AC +2, EV +2)
((You are camouflaged when in or above water. (Stealth+)))
You have tentacles for arms and can constrict up to eight enemies at once.
You are completely covered in iridescent scales. (AC +6)
Your mind is very acute. (Int +4)
Your thick and shaggy fur keeps you warm. (AC +3, rC+)
Armour fits poorly on your pseudopods.
You have a small jelly attached to you that senses nearby items.
Your melee attacks may engulf your foes in ooze.


Message History

Azrael is moderately wounded.
You are covered in liquid flames!
Azrael is momentarily hidden by a cloud of flames.
Azrael gestures at you. The bolt of fire hits you!!!
You shudder from the blast and a jelly pops out!
What are your orders? t - Shout!
Orders for allies: a - Attack new target. p - Attack previous target. r - Retreat! s - Stop attacking. g - Guard the area. f - Follow me.
Anything else - Cancel.
Gang up on whom?
Press: ? - help, Dir - move target, f/p - Azrael
Aim: Azrael, wielding a +3 scimitar of flaming (moderately wounded, ally target) Attack!
You are covered in liquid flames!
* * * LOW HITPOINT WARNING * * *
Azrael hits you with a +3 scimitar of flaming.
* * * LOW HITPOINT WARNING * * *
Azrael burns you.
* * * LOW HITPOINT WARNING * * *
Unknown command.
It was a potion of degeneration.
There was something very wrong with that liquid.
You feel weakened.
You feel dopey.
You feel clumsy.
You are covered in liquid flames!
* * * LOW HITPOINT WARNING * * *
Azrael completely misses you.
It was a potion of curing.
You feel better.
Your rockslime hits Azrael but does no damage.
Azrael gestures at you. The bolt of fire hits you!
* * * LOW HITPOINT WARNING * * *
It was a potion of attraction.
You feel attractive to monsters.
Your rockslime hits Azrael!!
Azrael is shoved backwards!
Azrael gestures at you.
The fireball explodes!
The fireball engulfs you!!
You die...

#....°..#.. #..#
#.......#... #..###
#.......##'#### #.....
#.............#######...##
#.......................'.
#.......................'.
#..$.........######.....#.
#......RJ....# #.....#.
#####....@...# #.....#
#........# #.....#
#.......## #.......
#..<....# #.......
#.......# #.......#
#.......# #.......#


You could see Azrael (ally target) and a friendly rockslime (summoned).

Vanquished Creatures
  A boulder beetle (D:12)
  Pikel (D:9)
  2 cyclopes (D:11)
  An ugly thing (D:11)
  Joseph (D:9)
  Grinder (D:5)
  2 hornets
  3 trolls
  Prince Ribbit (D:9)
  3 shadows
  4 fire elementals
  A wraith (D:9)
  12 yaks
  An acid dragon (D:8)
  3 hell hounds (D:12)
  3 water moccasins
  An ice beast (D:6)
  A black bear (D:5)
  A necrophage (D:8)
  4 orc warriors
  A centaur (D:6)
  A phantom (D:5)
  2 lemures (D:9)
  3 elf zombies (Ossuary)
  3 kobold brigands
  A bullfrog (D:8)
  A gnoll sergeant (D:7)
  2 scorpions
  7 killer bees
  A wight (D:8)
  5 howler monkeys
  4 centaur zombies
  A human zombie (Ossuary)
  4 orc priests
  5 iguanas
  A bullfrog skeleton (D:5)
  8 orc wizards
  A hell rat (Sewer)
  A hound zombie (Ossuary)
  A hound skeleton (D:5)
  3 mummies (Ossuary)
  4 adders
  7 gnolls
  3 river rats (Sewer)
  An ufetubus (D:4)
  2 adder zombies (Ossuary)
  An adder skeleton (D:4)
  2 worms
  5 dart slugs
  38 orcs
  7 ball pythons
  5 bats
  An endoplasm (D:1)
  3 giant cockroaches
  6 goblins
  5 hobgoblins
  A jackal (D:3)
  7 quokkas
  5 frilled lizards
  2 gnoll zombies (Ossuary)
  6 goblin zombies (Ossuary)
  7 hobgoblin zombies (Ossuary)
  A jackal zombie (Ossuary)
  23 kobolds
  4 kobold zombies (Ossuary)
  4 orc zombies (Ossuary)
  3 quokka zombies (Ossuary)
  14 rats
270 creatures vanquished.

Vanquished Creatures (collateral kills)
  A fire giant (D:10)
  A two-headed ogre (D:8)
  An ogre (D:5)
3 creatures vanquished.

Vanquished Creatures (others)
  Maurice (D:9)
  A shadow (D:11)
  A yak (D:8)
  A human (D:8)
  An ice beast (D:5)
  A bullfrog (D:7)
  2 killer bees
  18 jellies
  2 quasits (D:11)
  A centaur zombie (D:8)
  A gnoll shaman (D:8)
  An orc wizard (D:11)
  A killer bee zombie (D:7)
  A hound skeleton (D:4)
  A howler monkey zombie (D:9)
  An adder (D:6)
  2 gnolls (D:8)
  A worm (D:3)
  An endoplasm (D:2)
  2 orcs (D:11)
  A ball python (D:4)
  A bat (D:1)
  3 giant cockroaches
  2 goblins
  3 jackals (D:3)
  3 kobolds
  A quokka (D:3)
  3 frilled lizards
  A goblin skeleton (D:12)
  A goblin zombie (D:12)
  A hobgoblin zombie (D:12)
  4 orc zombies (D:12)
  2 rats
  5 fungi (D:8)
  3 plants (D:8)
75 creatures vanquished.

Grand Total: 348 creatures vanquished

Notes
Turn   | Place    | Note
-------+----------+-------------------------------------------
     0 | D:1      | HallandMoats the Octopode Monk began the quest for the Orb.
     0 | D:1      | Reached XP level 1. HP: 16/16 MP: 1/1
     1 | D:1      | Found Arufouf's Book Shop.
    39 | D:1      | Reached skill level 1 in Invocations
    39 | D:1      | Reached XP level 2. HP: 21/21 MP: 2/2
   145 | D:1      | Found a faded altar of an unknown god.
   168 | D:1      | Prayed at the altar of an unknown god.
   168 | D:1      | Became a worshipper of Jiyva Jotoa the Shapeless
   168 | D:1      | Reached * piety under Jiyva
   168 | D:1      | Reached ** piety under Jiyva
   264 | D:1      | Reached *** piety under Jiyva
   285 | D:1      | Reached XP level 3. HP: 26/26 MP: 4/4
   576 | D:2      | Reached skill level 2 in Invocations
   608 | D:2      | Reached XP level 4. HP: 31/31 MP: 5/5
  1031 | D:3      | Reached **** piety under Jiyva
  1156 | D:3      | Found a glowing drain.
  1161 | Sewer    | Entered a sewer
  1175 | Sewer    | Reached XP level 5. HP: 37/37 MP: 7/7
  1192 | Sewer    | Reached skill level 3 in Invocations
  1504 | D:3      | Found a sacrificial altar of Ru.
  1618 | D:3      | Gained mutation: You have a small jelly attached to you
                  | that senses nearby items. [Jiyva's grace]
  1618 | D:3      | Gained mutation: Your melee attacks may engulf your foes in
                  | ooze. [Jiyva's grace]
  1618 | D:3      | Gained mutation: You are robust. (+10% HP) [Jiyva's grace]
  1618 | D:3      | Gained mutation: You are very robust. (+20% HP) [Jiyva's
                  | grace]
  1947 | D:4      | Reached XP level 6. HP: 45/51 MP: 8/8
  2319 | D:4      | Reached skill level 4 in Invocations
  2450 | D:4      | Reached ***** piety under Jiyva
  2932 | D:5      | Entered Level 5 of the Dungeon
  2971 | D:4      | Identified the +4 dagger of the Sun {vorpal, Str+5}
  3041 | D:5      | Reached XP level 7. HP: 34/58 MP: 10/10
  3157 | D:5      | Found a burning altar of Makhleb.
  3203 | D:5      | Noticed Grinder
  3206 | D:5      | Paralysed by Grinder for 6 turns
  3217 | D:5      | Killed Grinder
  3218 | D:5      | Reached skill level 5 in Invocations
  3400 | D:5      | Reached XP level 8. HP: 46/64 MP: 12/12
  3466 | D:5      | Reached skill level 5 in Fighting
  3466 | D:5      | Reached skill level 5 in Dodging
  3466 | D:5      | Reached skill level 6 in Invocations
  3610 | D:5      | Reached skill level 5 in Polearms
  3883 | D:6      | Identified the +6 ring mail "Faobuch" {Str+3}
  3968 | D:6      | Gained mutation: You are covered in fur. (AC +1) [Jiyva's
                  | grace]
  3968 | D:6      | Gained mutation: You are covered in thick fur. (AC +2)
                  | [Jiyva's grace]
  3968 | D:6      | Gained mutation: Your thick and shaggy fur keeps you warm.
                  | (AC +3, rC+) [Jiyva's grace]
  3968 | D:6      | Gained mutation: Armour fits poorly on your pseudopods.
                  | [Jiyva's grace]
  3971 | D:6      | Found Niad's Weapon Shoppe.
  4017 | D:6      | Found a sand-covered staircase.
  4028 | Ossuary  | Entered an ossuary
  4160 | Ossuary  | Reached skill level 7 in Invocations
  4318 | D:6      | Got Iqerchunn's First Steps in Witchcraft
  4545 | D:6      | Reached XP level 9. HP: 72/74 MP: 14/14
  4747 | D:6      | Found a staircase to the Ecumenical Temple.
  4865 | D:7      | Found Secoadd's Distillery.
  4870 | D:7      | Bought a potion of invisibility for 96 gold pieces
  4894 | D:7      | Reached ****** piety under Jiyva
  5080 | D:7      | Noticed a troll
  5083 | D:7      | Found a sparkling altar of Nemelex Xobeh.
  5093 | D:7      | Killed a troll
  5094 | D:7      | Reached skill level 8 in Invocations
  5134 | D:7      | Found a stormy altar of Qazlal.
  5330 | D:7      | Noticed a troll
  5336 | D:7      | Killed a troll
  5445 | D:8      | Noticed a two-headed ogre
  5453 | D:8      | Killed a two-headed ogre
  5454 | D:8      | Reached skill level 9 in Invocations
  5482 | D:8      | Found an ancient bone altar of Kikubaaqudgha.
  5535 | D:8      | Reached XP level 10. HP: 52/82 MP: 17/17
  5598 | D:8      | Identified the +8 spear of Dust {drain, rN+ Will- Dex+2
                  | SInv}
  5600 | D:8      | Lost mutation: You are very robust. (+20% HP) [Jiyva's
                  | grace]
  5600 | D:8      | Lost mutation: Your thick and shaggy fur keeps you warm.
                  | (AC +3, rC+) [Jiyva's grace]
  5600 | D:8      | Gained mutation: Your thick and shaggy fur keeps you warm.
                  | (AC +3, rC+) [Jiyva's grace]
  5600 | D:8      | Gained mutation: Your mind is acute. (Int +2) [Jiyva's
                  | grace]
  5600 | D:8      | Gained mutation: Your mind is very acute. (Int +4) [Jiyva's
                  | grace]
  5600 | D:8      | Gained mutation: You have acidic saliva. [Jiyva's grace]
  5843 | D:8      | Reached skill level 10 in Invocations
  5884 | D:8      | Found a staircase to the Lair.
  5924 | D:8      | Found a shimmering blue altar of Sif Muna.
  6339 | D:9      | Killed Maurice
  6471 | D:9      | Noticed Pikel
  6484 | D:9      | Killed Pikel
  6500 | D:9      | Noticed Joseph
  6531 | D:9      | Killed Joseph
  6606 | D:9      | Noticed Prince Ribbit
  6619 | D:9      | Killed Prince Ribbit
  6789 | D:10     | Entered Level 10 of the Dungeon
  7018 | D:10     | Paralysed by a hornet for 3 turns
  7042 | D:10     | Lost mutation: You are robust. (+10% HP) [Jiyva's grace]
  7042 | D:10     | Lost mutation: You have acidic saliva. [Jiyva's grace]
  7042 | D:10     | Gained mutation: You are partially covered in iridescent
                  | scales. (AC +2) [Jiyva's grace]
  7042 | D:10     | Gained mutation: You are mostly covered in iridescent
                  | scales. (AC +4) [Jiyva's grace]
  7042 | D:10     | Gained mutation: You are completely covered in iridescent
                  | scales. (AC +6) [Jiyva's grace]
  7042 | D:10     | Gained mutation: Your pliable body absorbs attacks. (AC +2,
                  | EV +2) [Jiyva's grace]
  7061 | D:10     | Reached skill level 11 in Invocations
  7113 | D:10     | Reached XP level 11. HP: 77/77 MP: 19/19
  7169 | D:10     | You fall into a shaft and drop 3 floors!
  7263 | D:12     | Noticed Azrael
  7263 | D:12     | Noticed a boulder beetle
  7337 | D:12     | Killed a boulder beetle
  7413 | D:11     | Noticed noodleboyJ's ghost (journeyman DrMo)
  7422 | D:11     | Found a transporter.
  7438 | D:11     | Found a transporter.
  7763 | D:10     | Noticed a fire giant
  7781 | D:10     | Killed a fire giant
  7984 | D:11     | Reached skill level 12 in Invocations
  8143 | D:11     | Noticed a brown ugly thing
  8143 | D:11     | Noticed a cyclops
  8153 | D:11     | Killed a cyclops
  8154 | D:11     | Noticed a cyclops
  8164 | D:11     | Killed a brown ugly thing
  8171 | D:11     | Killed a cyclops
  8462 | D:12     | Killed from afar by Azrael

Illustrated notes

Levels and vault maps discovered:
D:1:      dpeg_arrival_orchard, layout_rooms, serial_shops, nicolae_shop_stone,
          hellmonk_ecumenical_altar_pennies_from_heaven
D:2:      layout_loops_ring
D:3:      layout_loops_corners, mainiacjoe_overflow_surrounded_room,
          gup_sewer_entry_bowl
D:4:      layout_basic
D:5:      layout_gridville, lemuel_tele_altar, lemuel_old_faithful, uniq_grinder
D:6:      layout_basic, temple_hall, serial_shops, kennysheep_mini_moat,
          nicolae_ossuary_entry_monument
D:7:      layout_cave_pools, mainiacjoe_overflow_large_starburst, serial_shops,
          nicolae_shop_hallway_plus, chequers_mini_garden
D:8:      layout_cave_pools, nicolae_sif_muna_little_library, tgw_kikubaaqudgha,
          dpeg_oklobed_lair, chequers_jeans, st_stairs_11
D:9:      layout_roguey, uniq_pikel, uniq_joseph, uniq_maurice,
          uniq_prince_ribbit1
D:10:     layout_irregular_city, kennysheep_just_a_vault
D:11:     layout_roguey, gammafunk_ghost_stat_death
D:12:     layout_irregular_city, zombieorc2_lemuel, uniq_azrael
D:13:     layout_loops_ring, serial_shops, nicolae_square_shop,
          ebering_ghost_gozag, kennysheep_generic_room_3

Skill      XL: |  1  2  3  4  5  6  7  8  9 10 11 |
---------------+----------------------------------+-----
Invocations    | 1 2 3 4 5 7 9 11 12 | 12.7
Fighting       | 4 5 6 8 9 |  9.0
Polearms       | 4 5 6 7 8 |  8.9
Dodging        | 4 5 6 7 8 |  8.9
Stealth        | |  2.6

Action                   |  1- 3 |  4- 6 |  7- 9 | 10-12 || total
-------------------------+-------+-------+-------+-------++-------
Melee: Spear             |    86 |   141 |       |   243 ||   470
       Constrict         |    14 |    38 |    51 |    44 ||   147
       Tentacles         |    13 |    33 |    62 |    86 ||   194
       Punch             |       |     1 |     6 |     7 ||    14
       Hand axe          |       |    40 |   139 |       ||   179
       Pseudopods        |       |       |    57 |   101 ||   158
       Dagger            |       |       |    37 |       ||    37
       Trident           |       |       |    47 |   143 ||   190
       Bite              |       |       |       |    21 ||    21
  Use: Scroll            |       |     4 |     3 |     1 ||     8
       Potion            |       |     3 |       |     3 ||     6
 Stab: Sleeping          |    12 |    14 |    12 |     6 ||    44
       Distracted        |     1 |       |       |     2 ||     3
Armor: Skin              |     1 |    12 |    29 |    42 ||    84
Dodge: Dodged            |    26 |    87 |   158 |   254 ||   525

Table legend: (Time is in decaauts)
 A = Elapsed time spent in this place.
 B = Non-inter-level travel time spent in this place.
 C = Inter-level travel time spent in this place.
 D = Time resting spent in this place.
 E = Time spent auto-exploring this place.
 F = Levels seen in this place.
 G = Mean time per level.
                   A        B        C        D        E       F      G
               +--------+--------+--------+--------+--------+-----+--------+
         Total |   8400 |   8121 |    279 |    280 |   5787 |  15 |  560.0 |
       Dungeon |   8001 |   7722 |    279 |    265 |   5649 |  13 |  615.5 |
         Sewer |    111 |    111 |      0 |     15 |     17 |   1 |  111.0 |
       Ossuary |    288 |    288 |      0 |      0 |    121 |   1 |  288.0 |
               +--------+--------+--------+--------+--------+-----+--------+

Top non-repeatable levels by time:
     D:3: 933 daAuts
     D:4: 931 daAuts
     D:5: 898 daAuts
    D:10: 767 daAuts
     D:9: 746 daAuts
     D:6: 738 daAuts
     D:8: 639 daAuts
    D:11: 606 daAuts
     D:2: 603 daAuts
     D:7: 510 daAuts
     D:1: 396 daAuts
 Ossuary: 288 daAuts
    D:12: 224 daAuts
   Sewer: 111 daAuts
    D:13: 3 daAuts
